 Dungeon Crawl Stone Soup version 0.30-b1-2-g02819fbbbe (webtiles) character file.

Game seed: 12256739673041709402

(classic levelgen) 336 EnegeticOcto the Chopper (level 6, 0/56 HPs)
             Began as a Minotaur Fighter on May 9, 2023.
             Was an Initiate of Gozag.
             Slain by Pikel
             ... wielding a +0 whip of electrocution
              (7 damage)
             ... on level 5 of the Dungeon.
             The game lasted 00:01:42 (3043 turns).

EnegeticOcto the Chopper (Minotaur Fighter)         Turns: 3043, Time: 00:01:43

Health: 0/56       AC:  8    Str: 23    XL:     6   Next: 28%
Magic:  5/5        EV:  9    Int:  5    God:    Gozag
Gold:   938        SH:  4    Dex:  9    Spells: 5/5 levels left

rFire   . . .        a - +0 war axe
rCold   . . .        c - +0 buckler
rNeg    . . .        b - +0 scale mail
rPois   .            (helmet restricted)
rElec   .            (no cloak)
rCorr   .            v - +0 pair of gloves
SInv    .            (no boots)
Will    .....        (no amulet) Stlth
                     (no ring)
HPRegen 0.29/turn    (no ring)
MPRegen 0.09/turn

%: no passive effects
@: gold aura
A: horns 2, retaliatory headbutt
a: Renounce Religion, Potion Petition, Call Merchant, Bribe Branch


You were on level 5 of the Dungeon.
You worshipped Gozag.
Gozag was pleased with you.
You visited 1 branch of the dungeon, and saw 5 of its levels.

You collected 986 gold pieces.
You paid 48 gold pieces to Gozag.

Inventory:

Hand Weapons
 a - a +0 war axe (weapon)
Armour
 b - a +0 scale mail (worn)
 c - a +0 buckler (worn)
 v - a +0 pair of gloves (worn)
   (You found it on level 4 of the Dungeon)
Scrolls
 g - a scroll of immolation
 p - 2 scrolls of fear
Potions
 d - a potion of might {@q3}
 e - 2 potions of curing {@q1}
 f - a potion of mutation
 n - a potion of magic {unknown}
 r - a potion of invisibility {unknown}
 s - a potion of cancellation {unknown}
 t - 2 potions of heal wounds {unknown}


   Skills:
 + Level 5.0 Fighting
 * Level 5.3 Axes
 + Level 5.0 Armour
 + Level 5.0 Shields


You had 5 spell levels left.
You didn't know any spells.
Your spell library was empty.

Dungeon Overview and Level Annotations

Branches:
Dungeon (5/15)
 Temple: D:4-7

Altars:
Gozag
Zin

Annotations:
D:5 Pikel


Innate Abilities, Weirdness & Mutations

You have a pair of horns on your head.
You reflexively headbutt those who attack you in melee.


Message History

(D) Dungeon
Where to? (Enter - D:4, ? - help)
There is a stone staircase leading down here.
You climb downwards.
You hear the sound of rushing water.
There is an entrance to a sewer on this level.
Hurry and find it before the portal rusts away!
You hear the hiss of flowing sand.
There is an entrance to an ossuary on this level.
Hurry and find it before the portal is buried!
Found a potion of degeneration.
Found a stone staircase leading up.
There is a stone staircase leading up here.
An orc comes into view. It is wielding a +0 short sword.
The orc shouts!
You hear a shout! x2
An orc is nearby!
A lemure and an orc come into view.
The lemure shouts!
You hear a shout!
A lemure and 2 orcs come into view.
The lemure shouts!
The orc shouts! x2
Pikel, Merchant of Souls comes into view.
He is wielding a +0 whip of electrocution.
An orc wizard comes into view. It is wielding a +0 dagger.
Pikel shouts!
The orc wizard shouts!
You hear a shout!
The orc hits you but does no damage.
A lemure comes into view.
You barely miss the orc. Your headbutt misses the orc.
The orc hits you with a +0 short sword.
An orc comes into view. It is wielding a +0 dagger.
You completely miss the orc. You slash the orc!
You kill the orc!
You block the orc's attack.
A lemure comes into view.
You completely miss the orc. The orc hits you with a +0 short sword.
You hit the orc.
The orc is severely wounded.
You barely miss the orc. You hit the orc.
The orc yells repeatedly.
The orc hits you but does no damage. You block the orc's attack.
The orc barely misses you. The orc closely misses you. You furiously retaliate!
You headbutt the orc!
You kill the orc!
The orc hits you but does no damage.
You completely miss the orc. Your headbutt misses the orc.
The orc is heavily wounded.
You completely miss the orc. You barely miss the lemure.
You hit the orc wizard but do no damage.
The orc hits you but does no damage. The orc wizard casts a spell at you.
The magic dart hits you. The orc hits you with a +0 war axe.
The lemure is distracted by your dazzling golden aura.
The lemure hits you.
The lemure shouts!
You hit the orc.
The orc is severely wounded.
You slash the lemure! You hit the orc wizard. You closely miss the orc.
The orc hits you but does no damage.
The orc wizard hits you but does no damage.
The orc hits you with a +0 war axe! The lemure hits you.
You are too injured to fight recklessly!
You are too injured to fight recklessly!
You are too injured to fight recklessly!
You are too injured to fight recklessly!
You are too injured to fight recklessly!
You are too injured to fight recklessly!
You are too injured to fight recklessly!
You are too injured to fight recklessly!
You are too injured to fight recklessly!
You are too injured to fight recklessly!
You are too injured to fight recklessly!
You slash the orc wizard!
The orc wizard is almost dead.
You slash the lemure! You hit the orc. You barely miss the orc.
The lemure is no longer distracted by gold.
You block the orc's attack.
The orc wizard gestures at you while chanting.
You resist with some effort. The orc hits you with a +0 war axe.
You completely miss the orc wizard. You headbutt the orc wizard.
You kill the orc wizard!
You closely miss the orc. You slash the orc!
You kill the orc!
You miss Pikel.
The lemure is distracted by your dazzling golden aura.
The orc barely misses you.
The orc is distracted by your dazzling golden aura.
The orc barely misses you. You furiously retaliate!
You headbutt the orc!
You kill the orc!
Pikel hits you but does no damage.
You are electrocuted!
* * * LOW HITPOINT WARNING * * *
The lemure is distracted by your dazzling golden aura.
The orc shouts!
Your Fighting skill increases to level 5!
Your Armour skill increases to level 5!
Your Shields skill increases to level 5!
You barely miss Pikel.
The lemure shouts! x2
Your headbutt misses Pikel. You barely miss the orc.
The orc is no longer distracted by gold.
The orc hits you with a +0 dagger.
* * * LOW HITPOINT WARNING * * *
The lemure is distracted by your dazzling golden aura.
Pikel hits you with a +0 whip of electrocution!
You die...
Your body crumbles into a pile of gold.

#.## ... #.## ##.####
.########.....###
........#.......###.<.
....###....###<.......
....#?#....# ####.....
....###@$..# #..! $
....55K$o..# #.
#....55#...#
##....###..# #...#
#..# ..... #..# ....
... ###. $ ...


You could see Pikel, 4 lemures and an orc.

Vanquished Creatures
  A scorpion (D:4)
  2 orc priests (D:3)
  An iguana (D:4)
  An orc wizard (D:5)
  3 gnolls (D:4)
  5 adders
  2 dart slugs
  6 orcs
  4 bats
  3 endoplasms
  7 giant cockroaches
  5 goblins
  3 hobgoblins
  11 jackals
  3 quokkas
  9 ball pythons
  3 frilled lizards
  7 kobolds
  4 rats
80 creatures vanquished.

Notes
Turn   | Place    | Note
-------+----------+-------------------------------------------
     0 | D:1      | EnegeticOcto the Minotaur Fighter began the quest for the
                  | Orb.
     0 | D:1      | Reached XP level 1. HP: 19/19 MP: 0/0
    66 | D:1      | Reached XP level 2. HP: 21/27 MP: 1/1
   626 | D:2      | Reached XP level 3. HP: 32/33 MP: 2/2
  1022 | D:2      | Identified the +0 leather armour "Zeybanab" {Contam rElec
                  | rPois rN+ Dex-2}
  1300 | D:3      | Reached XP level 4. HP: 22/40 MP: 3/3
  1306 | D:3      | HP: 1/40 [orc priest/+0 trident (8)]
  1803 | D:3      | Reached XP level 5. HP: 47/47 MP: 4/4
  1958 | D:3      | Found an opulent altar of Gozag.
  1958 | D:3      | Found a glowing silver altar of Zin.
  2163 | D:3      | Became a worshipper of Gozag Ym Sagoz the Greedy
  2561 | D:4      | Reached skill level 5 in Axes
  2561 | D:4      | Reached XP level 6. HP: 29/55 MP: 5/5
  2897 | D:4      | Identified a scroll of acquirement
  2897 | D:4      | Acquired 655 gold pieces
  3026 | D:5      | Entered Level 5 of the Dungeon
  3033 | D:5      | Noticed Pikel
  3043 | D:5      | Reached skill level 5 in Fighting
  3043 | D:5      | Reached skill level 5 in Armour
  3043 | D:5      | Reached skill level 5 in Shields
  3043 | D:5      | Slain by Pikel

Illustrated notes

Levels and vault maps discovered:
D:1:      dpeg_arrival_brainrot, layout_rooms
D:2:      layout_basic, kennysheep_crisscross
D:3:      layout_basic, grunt_temple_overflow_gold_and_silver,
          serial_co_window_serial, co_window_corner_a, co_window_corner_a,
          co_window_paths_a, co_window_corner_a, co_window_paths_a,
          co_window_broadway_a, co_window_paths_c, co_window_cross_2,
          co_window_broadway_a, serial_park_tiny_2, chequers_garden
D:4:      layout_cave_pools
D:5:      layout_layer_cave, minitemple, nicolae_ossuary_entry_monument,
          portal_sewer_entry_d, item_on_display_a, uniq_pikel

Skill      XL: |  1  2  3  4  5  6 |
---------------+-------------------+-----
Axes           | 3 4 5 |  5.3
Fighting       | 4 5 |  5.0
Armour         | 4 5 |  5.0
Shields        | 4 5 |  5.0

Action                     |  1- 3 |  4- 6 || total
---------------------------+-------+-------++-------
  Melee: War axe           |    79 |    90 ||   169
         Headbutt          |    10 |     8 ||    18
    Use: Scroll            |       |    12 ||    12
 Armour: Scale mail        |    45 |    38 ||    83
  Dodge: Dodged            |    28 |    38 ||    66
  Block: Buckler           |    29 |    23 ||    52
